[Event "Romanian Championship Open 2025"]
[Site "Craiova"]
[Date "2025.02.16"]
[Round "2.15"]
[White "Manea, Alexandru"]
[Black "Botea, David-Alexandru"]
[Result "1/2-1/2"]
[Annotator "ChessBase"]
[ECO "D46"]
[WhiteElo "2272"]
[BlackElo "2127"]
[PlyCount "50"]
[EventDate "2025.02.12"]
[EventCountry "ROU"]
[SourceTitle "playchess.com"]
[Source "ChessBase"]
[SourceQuality "1"]
[TimeControl "40/5400+30:900+30"]

1. c4 c6 2. Nf3 d5 3. e3 Nf6 4. Nc3 e6 5. d4 Bd6 6. Bd3 dxc4 7. Bxc4 b5 8. Be2 a6 9. O-O O-O 10. Qc2 Nbd7 11. Rd1 Qc7 12. Bd2 c5 13. dxc5 Qxc5 14. Rac1 Bb7 15. Be1 Be7 16. Qd2 Qb6 17. Qd4 Rfd8 18. Qxb6 Nxb6 19. Ne5 Rac8 20. Rxd8+ Bxd8 21. Bf3 Bxf3 22. gxf3 Na4 23. b3 Nxc3 24. Rxc3 Rxc3 25. Bxc3 Nd5 1/2-1/2

[Event "Romanian Championship Open 2025"]
[Site "Craiova"]
[Date "2025.02.16"]
[Round "2.16"]
[White "Panc, Samuel"]
[Black "Nastase, Robert-Paul"]
[Result "0-1"]
[Annotator "ChessBase"]
[ECO "C00"]
[WhiteElo "2036"]
[BlackElo "2259"]
[PlyCount "120"]
[EventDate "2025.02.12"]
[EventCountry "ROU"]
[SourceTitle "playchess.com"]
[Source "ChessBase"]
[SourceQuality "1"]
[TimeControl "40/5400+30:900+30"]

1. e4 e6 2. d3 d5 3. Nd2 c5 4. g3 Nc6 5. Bg2 Nf6 6. Ngf3 Be7 7. O-O O-O 8. e5 Nd7 9. Re1 b5 10. h4 a5 11. Nf1 a4 12. Bf4 a3 13. b3 b4 14. N1h2 Bb7 15. Ng5 Qe8 16. Ng4 Nd4 17. Ne3 Ra6 18. Rc1 Nb5 19. Qh5 Bxg5 20. hxg5 f5 21. Qh1 Ba8 22. Bf3 Nc3 23. Ra1 Nb6 24. Ng2 d4 25. Bxa8 Qxa8 26. Bd2 Ncd5 27. Nf4 Nxf4 28. Qxa8 Raxa8 29. gxf4 Kf7 30. Kh2 h6 31. gxh6 Rh8 32. Rh1 Rxh6+ 33. Kg2 Rah8 34. Rxh6 gxh6 35. Rh1 h5 36. Kf3 h4 37. Be1 Nd5 38. Bd2 Rh6 39. Rg1 Rg6 40. Rxg6 Kxg6 41. Kg2 Kh5 42. Kh3 Ne7 43. Be1 Ng8 44. Bd2 Nh6 45. Be1 Ng8 46. Bd2 Ne7 47. Be1 Ng6 48. Bd2 Kh6 49. Bc1 Kg7 50. Bd2 Kh7 51. Bc1 Kh6 52. Bd2 Kh5 53. Bc1 Ne7 54. Bd2 Nd5 55. Be1 Nxf4+ 56. Kh2 Kg4 57. f3+ Kxf3 58. Bxh4 Nd5 59. Bg5 Nc3 60. Be7 Nxa2 0-1

[Event "Romanian Championship Open 2025"]
[Site "Craiova"]
[Date "2025.02.16"]
[Round "2.17"]
[White "Craciun, Sasha-Matei"]
[Black "Toma, Iustin"]
[Result "1-0"]
[Annotator "ChessBase"]
[ECO "B66"]
[WhiteElo "2257"]
[BlackElo "2118"]
[PlyCount "59"]
[EventDate "2025.02.12"]
[EventCountry "ROU"]
[SourceTitle "playchess.com"]
[Source "ChessBase"]
[SourceQuality "1"]
[TimeControl "40/5400+30:900+30"]

1. e4 c5 2. Nf3 d6 3. d4 cxd4 4. Nxd4 Nf6 5. Nc3 Nc6 6. Bg5 e6 7. Qd2 Be7 8. O-O-O a6 9. f3 Nxd4 10. Qxd4 b5 11. Kb1 Qc7 12. Qd2 Bb7 13. Ne2 Rc8 14. Nd4 h6 15. Be3 O-O 16. g4 Nd7 17. Rg1 Ne5 18. g5 h5 19. g6 Nxg6 20. Bh3 Nh4 21. Bg5 Rce8 22. Bxh4 Bxh4 23. Qh6 f5 24. Nxe6 Rxe6 25. Qxe6+ Kh8 26. Qg6 Qf7 27. Qxf7 Rxf7 28. Bxf5 d5 29. Be6 Rxf3 30. Bxd5 1-0

[Event "Romanian Championship Open 2025"]
[Site "Craiova"]
[Date "2025.02.16"]
[Round "2.18"]
[White "Costache, Andrei Eugeniu"]
[Black "Bida, Mihai-Eugen"]
[Result "0-1"]
[Annotator "ChessBase"]
[ECO "B81"]
[WhiteElo "2075"]
[BlackElo "2413"]
[PlyCount "112"]
[EventDate "2025.02.12"]
[EventCountry "ROU"]
[SourceTitle "playchess.com"]
[Source "ChessBase"]
[SourceQuality "1"]
[TimeControl "40/5400+30:900+30"]

1. e4 c5 2. Nf3 d6 3. d4 cxd4 4. Nxd4 Nf6 5. Nc3 a6 6. h3 e6 7. g4 h6 8. Bg2 Be7 9. Be3 Nfd7 10. Qe2 Qc7 11. O-O-O Nc6 12. f4 Na5 13. Rhe1 g5 14. Qf2 Nc4 15. Kb1 Nxe3 16. Rxe3 gxf4 17. Re2 Qc5 18. Qf3 Qg5 19. Rf1 Ne5 20. Qxf4 Qxf4 21. Rxf4 b5 22. Rf1 Bb7 23. Nf3 Ng6 24. Ne1 Rc8 25. Nd3 Rc4 26. a3 Ne5 27. Nxe5 dxe5 28. Rd1 Rc8 29. Na2 Rd8 30. Rxd8+ Bxd8 31. Nc1 Bc7 32. Nd3 Bd6 33. Kc1 Ke7 34. Kd2 Rg8 35. Ke3 Rc8 36. c3 a5 37. Bf3 Bb8 38. Kf2 Rd8 39. Rd2 f5 40. gxf5 exf5 41. exf5 e4 42. Bg2 Ba7+ 43. Ke1 Kf6 44. b4 Ba8 45. Rd1 exd3 46. Bxa8 Rxa8 47. Rxd3 axb4 48. axb4 Re8+ 49. Kf1 Kxf5 50. Rd5+ Re5 51. Rd6 Be3 52. Rc6 Ke4 53. c4 bxc4 54. Rxc4+ Kf3 55. Rc3 Rg5 56. Rxe3+ Kxe3 0-1

[Event "Romanian Championship Open 2025"]
[Site "Craiova"]
[Date "2025.02.16"]
[Round "2.19"]
[White "Ilinca, Felix-Antonio"]
[Black "Buzbuchi, Ionut"]
[Result "1-0"]
[Annotator "ChessBase"]
[ECO "B13"]
[WhiteElo "2412"]
[BlackElo "2034"]
[PlyCount "49"]
[EventDate "2025.02.12"]
[EventCountry "ROU"]
[SourceTitle "playchess.com"]
[Source "ChessBase"]
[SourceQuality "1"]
[TimeControl "40/5400+30:900+30"]

1. d4 Nf6 2. Nc3 d5 3. Bf4 c5 4. e3 cxd4 5. exd4 a6 6. Nf3 Nc6 7. Ne5 Bd7 8. g4 h6 9. h4 e6 10. Bg2 Qb6 11. Nxc6 Qxb2 12. Rh3 Bxc6 13. Rb1 Qa3 14. Nxd5 Qa5+ 15. Bd2 Qd8 16. Nxf6+ Qxf6 17. Bxc6+ bxc6 18. Qf3 Qxf3 19. Rxf3 Be7 20. Rb7 Bf6 21. g5 hxg5 22. hxg5 O-O-O 23. Rfb3 Bxd4 24. Ba5 Be5 25. Bxd8 1-0

[Event "Romanian Championship Open 2025"]
[Site "Craiova"]
[Date "2025.02.16"]
[Round "2.20"]
[White "Barbu, Simon-Alexandru"]
[Black "Nedelcu, Teodor-Cosmin"]
[Result "1-0"]
[Annotator "ChessBase"]
[ECO "B23"]
[WhiteElo "2023"]
[BlackElo "2320"]
[PlyCount "117"]
[EventDate "2025.02.12"]
[EventCountry "ROU"]
[SourceTitle "playchess.com"]
[Source "ChessBase"]
[SourceQuality "1"]
[TimeControl "40/5400+30:900+30"]

1. e4 c5 2. Nc3 Nc6 3. Bb5 e6 4. f4 d5 5. Nf3 Nf6 6. d3 Be7 7. Bxc6+ bxc6 8. O-O O-O 9. e5 Nd7 10. b3 Rb8 11. Qd2 Ba6 12. Rd1 Qc7 13. Ba3 f6 14. Re1 Rbe8 15. Na4 Bb5 16. Nb2 fxe5 17. fxe5 Rxf3 18. gxf3 Nxe5 19. Rf1 Qb6 20. Qe3 c4 21. Qxb6 axb6 22. Bxe7 Rxe7 23. Rae1 Nf7 24. dxc4 Ba6 25. Rf2 dxc4 26. Nxc4 Bxc4 27. bxc4 Nd6 28. c5 bxc5 29. Rd2 Nf5 30. Re5 c4 31. Rc5 Rc7 32. a4 Kf7 33. Rxc4 Ra7 34. Kf2 Ne7 35. Rd6 e5 36. Ke1 Ra5 37. Kd2 g6 38. Kc3 c5 39. Kd3 Ra7 40. Ke4 Nf5 41. Rd5 Kf6 42. f4 exf4 43. Kxf4 g5+ 44. Kf3 Nd4+ 45. Kf2 Ne6 46. Re4 Ra6 47. a5 h5 48. Rde5 Nd8 49. Rxc5 Nb7 50. Rd5 Rxa5 51. Rxa5 Nxa5 52. Rb4 h4 53. Kf3 Kf7 54. Kg4 Nc6 55. Rb7+ Ke8 56. Kxg5 Nd4 57. c3 Nf3+ 58. Kf4 Nxh2 59. Rb1 1-0

[Event "Romanian Championship Open 2025"]
[Site "Craiova"]
[Date "2025.02.16"]
[Round "2.21"]
[White "Serban, Cristian-Stefan"]
[Black "Tamas, Christian-Arrydan"]
[Result "1-0"]
[Annotator "ChessBase"]
[ECO "E05"]
[WhiteElo "2295"]
[BlackElo "2016"]
[PlyCount "139"]
[EventDate "2025.02.12"]
[EventCountry "ROU"]
[SourceTitle "playchess.com"]
[Source "ChessBase"]
[SourceQuality "1"]
[TimeControl "40/5400+30:900+30"]

1. d4 Nf6 2. c4 e6 3. Nf3 d5 4. g3 Be7 5. Bg2 O-O 6. O-O dxc4 7. Qc2 b6 8. Ne5 Qxd4 9. Bxa8 Qxe5 10. Bf3 Nd5 11. Qxc4 Ba6 12. Qa4 c5 13. Na3 Qc7 14. Bd2 Qc6 15. Qc2 b5 16. Rac1 Rc8 17. Qb1 Qb6 18. Nc2 Nc6 19. Bg2 b4 20. Rfe1 c4 21. Ne3 Bc5 22. Nxd5 Bxf2+ 23. Kh1 exd5 24. Rf1 Ne5 25. Bxb4 Qh6 26. Qf5 Bxg3 27. Qh3 Bf4 28. Rcd1 Ng4 29. Qxh6 Bxh6 30. Bh3 Ne3 31. Bxc8 Bxc8 32. Bc5 Nxf1 33. Rxf1 a6 34. Kg1 f6 35. Rd1 Be6 36. e3 Kf7 37. Kf2 g6 38. Ke1 f5 39. Kd2 Bg7 40. Kc2 Be5 41. Bd4 Bc7 42. b3 g5 43. Kc3 Kg6 44. Rd2 h5 45. Kb4 h4 46. Kc5 g4 47. Kc6 Ba5 48. Rb2 c3 49. Rf2 f4 50. Rxf4 c2 51. Bb2 Bc3 52. Bc1 d4 53. exd4 g3 54. hxg3 hxg3 55. Rf3 Be1 56. Re3 Bf2 57. Rxe6+ Kf5 58. Re5+ Kg4 59. Rg5+ Kf3 60. d5 g2 61. Rxg2 Kxg2 62. d6 Bh4 63. d7 Kf3 64. Kc7 Ke2 65. d8=Q Bxd8+ 66. Kxd8 Kd1 67. Bg5 c1=Q 68. Bxc1 Kxc1 69. b4 Kb2 70. a4 1-0

[Event "Romanian Championship Open 2025"]
[Site "Craiova"]
[Date "2025.02.17"]
[Round "3.1"]
[White "Nisipeanu, Liviu-Dieter"]
[Black "Filip, Lucian-Ioan"]
[Result "1/2-1/2"]
[Annotator "ChessBase"]
[ECO "A36"]
[WhiteElo "2596"]
[BlackElo "2328"]
[PlyCount "43"]
[EventDate "2025.02.12"]
[EventType "swiss"]
[EventCountry "ROU"]
[SourceTitle "playchess.com"]
[Source "ChessBase"]
[SourceQuality "1"]
[TimeControl "40/5400+30:900+30"]

1. c4 Nf6 2. Nc3 g6 3. e4 d6 4. g3 Bg7 5. Bg2 c5 6. Nge2 Nc6 7. d3 O-O 8. O-O Ne8 9. Be3 Nd4 10. Rb1 a5 11. Nb5 Nxe2+ 12. Qxe2 Bd7 13. a4 Nc7 14. e5 Bc6 15. exd6 exd6 16. Bxc6 bxc6 17. Nxc7 Qxc7 18. Qf3 Rab8 19. b3 Rfe8 20. Rfe1 Bc3 21. Re2 Re6 22. Bh6 1/2-1/2

[Event "Romanian Championship Open 2025"]
[Site "Craiova"]
[Date "2025.02.17"]
[Round "3.2"]
[White "Cnejev, Vladimir-Alexandru"]
[Black "Gavrilescu, David"]
[Result "1/2-1/2"]
[Annotator "ChessBase"]
[ECO "B51"]
[WhiteElo "2300"]
[BlackElo "2543"]
[PlyCount "184"]
[EventDate "2025.02.12"]
[EventType "swiss"]
[EventCountry "ROU"]
[SourceTitle "playchess.com"]
[Source "ChessBase"]
[SourceQuality "1"]
[TimeControl "40/5400+30:900+30"]

1. e4 c5 2. Nf3 d6 3. Bb5+ Nd7 4. O-O a6 5. Bd3 Ngf6 6. Re1 g6 7. c3 Bg7 8. Bc2 O-O 9. d4 e5 10. dxe5 Nxe5 11. Nxe5 dxe5 12. c4 Be6 13. Qe2 b5 14. cxb5 axb5 15. Qxb5 c4 16. Qb4 Qc7 17. Qc3 Nh5 18. Nd2 Rfb8 19. a3 Rb7 20. Rb1 Nf4 21. g3 Nd3 22. Bxd3 cxd3 23. Qxd3 Rd8 24. Qc3 Qxc3 25. bxc3 Rc7 26. Rb5 Rxc3 27. Bb2 Rcd3 28. Nf1 f6 29. Ne3 Bh6 30. Rb6 Kf7 31. Rb7+ R8d7 32. Rxd7+ Rxd7 33. Kg2 Rd3 34. Rd1 Rb3 35. Bc1 Bf8 36. Rd8 Rb1 37. Bd2 Bxa3 38. Nd5 Bc5 39. Be3 Bxd5 40. exd5 Bxe3 41. fxe3 Rb2+ 42. Kg1 g5 43. Rd7+ Kg6 44. d6 Rd2 45. g4 h5 46. h3 hxg4 47. hxg4 f5 48. Rd8 fxg4 49. d7 Kf7 50. Kf1 g3 51. Re8 Rxd7 52. Rxe5 Kf6 53. Re4 Kf5 54. Rd4 Re7 55. Kg2 Rxe3 56. Ra4 Rb3 57. Rc4 Ra3 58. Rb4 Rd3 59. Ra4 Rb3 60. Rc4 Ra3 61. Rb4 Kg6 62. Rg4 Kh5 63. Rxg3 Ra2+ 64. Kg1 Kh4 65. Rb3 Rc2 66. Ra3 Rb2 67. Rc3 g4 68. Ra3 Re2 69. Rb3 Rc2 70. Ra3 Rc4 71. Kg2 Rb4 72. Rc3 g3 73. Rc2 Kg4 74. Ra2 Rc4 75. Rb2 Rf4 76. Ra2 Rc4 77. Rb2 Ra4 78. Rc2 Rf4 79. Ra2 Rf8 80. Ra4+ Rf4 81. Rxf4+ Kxf4 82. Kg1 Kg4 83. Kg2 Kh4 84. Kg1 Kh3 85. Kh1 Kh4 86. Kg2 Kg4 87. Kg1 Kf3 88. Kf1 Ke3 89. Kg2 Kf4 90. Kg1 Kf3 91. Kf1 g2+ 92. Kg1 Kg3 1/2-1/2

[Event "Romanian Championship Open 2025"]
[Site "Craiova"]
[Date "2025.02.17"]
[Round "3.3"]
[White "Cosma, Ioan"]
[Black "Jianu, Vlad-Cristian"]
[Result "1/2-1/2"]
[Annotator "TA"]
[ECO "E52"]
[WhiteElo "2286"]
[BlackElo "2467"]
[PlyCount "37"]
[EventDate "2025.02.12"]
[EventType "swiss"]
[EventCountry "ROU"]
[SourceTitle "playchess.com"]
[Source "ChessBase"]
[SourceQuality "1"]
[TimeControl "40/5400+30:900+30"]

1. d4 Nf6 2. c4 e6 3. Nc3 Bb4 4. e3 O-O 5. Bd3 d5 6. Nf3 b6 7. O-O {[%emt 0:01:25] The position is equal.} Ba6 {[%emt 0:01:37] E52: Nimzo-Indian: Rubinstein: 4...0-0 5 Nf3 d5 6 Bd3 b6.} 8. cxd5 exd5 9. Bxa6 Nxa6 10. Qa4 Qc8 11. Bd2 Re8 12. Rac1 {[%emt 0:04:13] 12.Rfc1 is more fashionable.} Qb7 {[%emt 1:31:40] A rather calm draw.   Weighted Error Value: White=0.03 (flawless) /Black=0.03 (flawless)   OK:         	White=3     	Black=2} 13. Ne5 $146 Bd6 14. f4 c5 15. Be1 Ne4 16. Nxe4 dxe4 17. Bc3 b5 18. Qb3 Rac8 19. a3 {½-½ Vakhidov,J (2571)-Janik,I (2511) Titled Tuesday intern op 09th Jul Early blitz 2024 (10)} 1/2-1/2

[Event "Romanian Championship Open 2025"]
[Site "Craiova"]
[Date "2025.02.17"]
[Round "3.4"]
[White "Secheres, Adrian-Simion"]
[Black "Craciun, Sasha-Matei"]
[Result "0-1"]
[Annotator "ChessBase"]
[ECO "D37"]
[WhiteElo "2350"]
[BlackElo "2257"]
[PlyCount "66"]
[EventDate "2025.02.12"]
[EventType "swiss"]
[EventCountry "ROU"]
[SourceTitle "playchess.com"]
[Source "ChessBase"]
[SourceQuality "1"]
[TimeControl "40/5400+30:900+30"]

1. d4 d5 2. c4 e6 3. Nf3 Nf6 4. Nc3 Be7 5. Bf4 O-O 6. e3 c5 7. dxc5 Bxc5 8. Qc2 Nc6 9. a3 Re8 10. b4 Be7 11. Rd1 a5 12. b5 Nb8 13. h4 Bxa3 14. h5 h6 15. g4 Bb4 16. Bd3 Nxg4 17. Rg1 Qf6 18. Rxg4 Qxc3+ 19. Kf1 Qxc2 20. Bxc2 e5 21. Nxe5 Bxg4 22. Nxg4 Nd7 23. cxd5 a4 24. Bf5 Nf8 25. d6 a3 26. d7 Red8 27. Be5 a2 28. Ke2 Ne6 29. Be4 Ra5 30. Bxb7 Rxb5 31. Ba6 Rxe5 32. Nxe5 Bc3 33. Nc6 Rxd7 0-1

[Event "Romanian Championship Open 2025"]
[Site "Craiova"]
[Date "2025.02.17"]
[Round "3.5"]
[White "Nastase, Robert-Paul"]
[Black "David, Alexandru-Vasile"]
[Result "1/2-1/2"]
[Annotator "RC"]
[ECO "B23"]
[WhiteElo "2259"]
[BlackElo "2331"]
[PlyCount "42"]
[EventDate "2025.02.12"]
[EventType "swiss"]
[EventCountry "ROU"]
[SourceTitle "playchess.com"]
[Source "ChessBase"]
[SourceQuality "1"]
[TimeControl "40/5400+30:900+30"]

1. e4 c5 2. Nc3 Nc6 3. Bb5 Nd4 4. Nf3 a6 5. Bd3 g6 6. Nxd4 cxd4 7. Ne2 d5 8. c3 dxe4 9. Bxe4 d3 10. Qa4+ Bd7 11. Qd4 Bc6 12. Bxc6+ bxc6 13. Qe4 Qd7 14. Nd4 Rc8 15. b4 Bg7 16. Qxd3 a5 17. a3 axb4 18. axb4 Bxd4 19. cxd4 Nf6 20. O-O Nd5 21. Rb1 Rb8 1/2-1/2

[Event "Romanian Championship Open 2025"]
[Site "Craiova"]
[Date "2025.02.17"]
[Round "3.6"]
[White "Negrean, Andrei"]
[Black "Lupulescu, Constantin"]
[Result "0-1"]
[Annotator "ChessBase"]
[ECO "B56"]
[WhiteElo "2224"]
[BlackElo "2603"]
[PlyCount "108"]
[EventDate "2025.02.12"]
[EventType "swiss"]
[EventCountry "ROU"]
[SourceTitle "playchess.com"]
[Source "ChessBase"]
[SourceQuality "1"]
[TimeControl "40/5400+30:900+30"]

1. e4 c5 2. Nf3 Nc6 3. d4 cxd4 4. Nxd4 Nf6 5. Nc3 d6 6. Nd5 Nxd5 7. exd5 Qa5+ 8. Bd2 Qxd5 9. Nb5 Qe6+ 10. Be2 Qd7 11. c4 g6 12. Bc3 e5 13. f4 Rb8 14. O-O a6 15. Bg4 Qxg4 16. Nc7+ Kd8 17. fxe5 Qxd1 18. Raxd1 Kxc7 19. exd6+ Bxd6 20. Bxh8 Be6 21. Bg7 Bxc4 22. Rf3 Rg8 23. b3 Bxb3 24. Rxb3 Bc5+ 25. Kf1 Rxg7 26. g4 f5 27. gxf5 gxf5 28. Rg3 Rf7 29. h4 Be7 30. h5 f4 31. Rg8 Rf5 32. Rg4 h6 33. Re1 Bg5 34. Rg2 Rc5 35. a4 Rc4 36. Ra2 f3 37. Ra3 Rh4 38. Kf2 Rxh5 39. Re4 Rh3 40. Rxf3 Rxf3+ 41. Kxf3 b5 42. axb5 axb5 43. Re1 b4 44. Ke4 Kd6 45. Kd3 Kd5 46. Re8 Bf6 47. Rf8 Bc3 48. Rc8 Ne5+ 49. Ke3 Bd4+ 50. Kf4 Nd3+ 51. Kf3 b3 52. Ke2 b2 53. Rb8 Kc4 54. Kd2 Nb4 0-1

[Event "Romanian Championship Open 2025"]
[Site "Craiova"]
[Date "2025.02.17"]
[Round "3.7"]
[White "Parligras, Mircea-Emilian"]
[Black "Prisacaru, Stefan-Emilian"]
[Result "1-0"]
[Annotator "ChessBase"]
[ECO "D35"]
[WhiteElo "2528"]
[BlackElo "2212"]
[PlyCount "89"]
[EventDate "2025.02.12"]
[EventType "swiss"]
[EventCountry "ROU"]
[SourceTitle "playchess.com"]
[Source "ChessBase"]
[SourceQuality "1"]
[TimeControl "40/5400+30:900+30"]

1. d4 d5 2. c4 e6 3. Nf3 Nf6 4. Nc3 Nbd7 5. cxd5 exd5 6. Bf4 Bb4 7. e3 Ne4 8. Qc2 g5 9. Be5 Nxe5 10. Nxe5 c6 11. Bd3 f6 12. Nf3 Qe7 13. a3 Bxc3+ 14. bxc3 Nd6 15. O-O O-O 16. Nd2 f5 17. Nf3 Be6 18. Ne5 Nf7 19. f4 Nxe5 20. fxe5 Qd7 21. Rf2 Rf7 22. Raf1 Raf8 23. Qe2 g4 24. c4 Qe7 25. cxd5 cxd5 26. Qb2 g3 27. hxg3 Qg5 28. Rf3 Rg7 29. e4 dxe4 30. Bxe4 Rgf7 31. Bb1 Qg4 32. Qf2 Kh8 33. Rf4 Qg5 34. Rh4 Rg8 35. Rf4 Rgf8 36. Bc2 Bc4 37. Re1 Re8 38. Rxf5 Rxf5 39. Qxf5 Qxf5 40. Bxf5 b5 41. Bd7 Re7 42. Bc6 Kg7 43. d5 Kf8 44. d6 Re6 45. Rd1 1-0

[Event "Romanian Championship Open 2025"]
[Site "Craiova"]
[Date "2025.02.17"]
[Round "3.8"]
[White "Nastore, Pavel-Alexandru"]
[Black "Magold, Filip"]
[Result "0-1"]
[Annotator "ChessBase"]
[ECO "C07"]
[WhiteElo "2250"]
[BlackElo "2431"]
[PlyCount "76"]
[EventDate "2025.02.12"]
[EventType "swiss"]
[EventCountry "ROU"]
[SourceTitle "playchess.com"]
[Source "ChessBase"]
[SourceQuality "1"]
[TimeControl "40/5400+30:900+30"]

1. e4 e6 2. d4 d5 3. Nd2 c5 4. Ngf3 cxd4 5. Nxd4 Nf6 6. e5 Nfd7 7. N2f3 Nc6 8. Bb5 Qc7 9. O-O a6 10. Nxc6 bxc6 11. Ba4 Be7 12. c3 O-O 13. Re1 f6 14. exf6 Nxf6 15. Nd4 Bd6 16. f4 e5 17. fxe5 Bxe5 18. Rxe5 Qxe5 19. Nxc6 Qc7 20. Qd4 Bd7 21. Bf4 Qb7 22. Ne7+ Kh8 23. Bb3 Be6 24. Bd6 Qd7 25. Ba3 Rf7 26. Ba4 Qc7 27. Nc6 Ng4 28. g3 Rf3 29. Re1 Rxg3+ 30. Kf1 Nxh2+ 31. Kf2 Ng4+ 32. Ke2 Re3+ 33. Kd1 Nf2+ 34. Kd2 Ne4+ 35. Kxe3 Qg3+ 36. Ke2 Bg4+ 37. Kf1 Qf3+ 38. Kg1 Bh3 0-1

[Event "Romanian Championship Open 2025"]
[Site "Craiova"]
[Date "2025.02.17"]
[Round "3.9"]
[White "Bida, Mihai-Eugen"]
[Black "Korcsek, Alexandru-David"]
[Result "1/2-1/2"]
[Annotator "ChessBase"]
[ECO "D32"]
[WhiteElo "2413"]
[BlackElo "2127"]
[PlyCount "45"]
[EventDate "2025.02.12"]
[EventType "swiss"]
[EventCountry "ROU"]
[SourceTitle "playchess.com"]
[Source "ChessBase"]
[SourceQuality "1"]
[TimeControl "40/5400+30:900+30"]

1. d4 d5 2. c4 e6 3. Nc3 c5 4. cxd5 exd5 5. Nf3 Nc6 6. dxc5 d4 7. Na4 Bxc5 8. Nxc5 Qa5+ 9. Qd2 Qxc5 10. a3 Bg4 11. b4 Qd5 12. Bb2 Rd8 13. Rd1 Bxf3 14. exf3 a6 15. Bd3 Nf6 16. O-O O-O 17. Rfe1 Rfe8 18. Rxe8+ Rxe8 19. Bf1 Rd8 20. Rc1 h6 21. Bc4 Qd6 22. Bd3 Ne5 23. Bf1 1/2-1/2

[Event "Romanian Championship Open 2025"]
[Site "Craiova"]
[Date "2025.02.17"]
[Round "3.10"]
[White "Tanasie, Cosmin"]
[Black "Ilinca, Felix-Antonio"]
[Result "0-1"]
[Annotator "ChessBase"]
[ECO "D00"]
[WhiteElo "2198"]
[BlackElo "2412"]
[PlyCount "60"]
[EventDate "2025.02.12"]
[EventType "swiss"]
[EventCountry "ROU"]
[SourceTitle "playchess.com"]
[Source "ChessBase"]
[SourceQuality "1"]
[TimeControl "40/5400+30:900+30"]

1. d4 d5 2. Bf4 Nf6 3. e3 e6 4. Nd2 c5 5. c3 Nc6 6. Bg3 Be7 7. Bd3 O-O 8. Ngf3 Nh5 9. dxc5 Bxc5 10. Bh4 Be7 11. Bxe7 Qxe7 12. c4 dxc4 13. Bxc4 b6 14. O-O Bb7 15. Qe2 Rfd8 16. a3 Qf6 17. Ba6 Bxa6 18. Qxa6 Qxb2 19. Rab1 Qf6 20. Qb5 Ne5 21. Nxe5 Rxd2 22. Rbd1 Rxd1 23. Rxd1 Rd8 24. Rd4 g6 25. Qa4 Rc8 26. Nc6 Nf4 27. Rd1 Ne2+ 28. Kf1 Nc3 29. Qc2 Nxd1 30. Ne7+ Kg7 0-1

[Event "Romanian Championship Open 2025"]
[Site "Craiova"]
[Date "2025.02.17"]
[Round "3.11"]
[White "Danila, Tudor-Gabriel"]
[Black "Filip, Andrei"]
[Result "1-0"]
[Annotator "ChessBase"]
[ECO "B42"]
[WhiteElo "2136"]
[BlackElo "2320"]
[PlyCount "71"]
[EventDate "2025.02.12"]
[EventType "swiss"]
[EventCountry "ROU"]
[SourceTitle "playchess.com"]
[Source "ChessBase"]
[SourceQuality "1"]
[TimeControl "40/5400+30:900+30"]

1. e4 c5 2. Nf3 e6 3. d4 cxd4 4. Nxd4 a6 5. Bd3 Bc5 6. Nb3 Ba7 7. Qe2 Ne7 8. Be3 O-O 9. Nc3 b5 10. O-O-O Nbc6 11. Bxa7 Rxa7 12. Qe3 Rc7 13. f4 d5 14. Qf3 Nb4 15. exd5 exd5 16. a3 Nxd3+ 17. Rxd3 Bf5 18. Rd2 Qc8 19. Nd4 Bg4 20. Qe3 Rd8 21. h3 Bf5 22. Re1 h5 23. g4 hxg4 24. hxg4 Bxg4 25. f5 Nxf5 26. Qg5 Nxd4 27. Rxd4 Bf5 28. Rf1 Bg6 29. Rh4 Rc4 30. Rh2 f6 31. Qxg6 Rg4 32. Qh7+ Kf8 33. Nxd5 Qc4 34. Rxf6+ gxf6 35. Qe7+ Kg8 36. Nxf6# 1-0

[Event "Romanian Championship Open 2025"]
[Site "Craiova"]
[Date "2025.02.17"]
[Round "3.12"]
[White "Ignat, Matei-Marius"]
[Black "Sachilaru, Alexandru"]
[Result "1/2-1/2"]
[Annotator "ChessBase"]
[ECO "B12"]
[WhiteElo "2137"]
[BlackElo "2305"]
[PlyCount "51"]
[EventDate "2025.02.12"]
[EventType "swiss"]
[EventCountry "ROU"]
[SourceTitle "playchess.com"]
[Source "ChessBase"]
[SourceQuality "1"]
[TimeControl "40/5400+30:900+30"]

1. e4 c6 2. d4 d5 3. e5 Bf5 4. h4 a6 5. g4 Bd7 6. c3 c5 7. Be2 Nc6 8. Be3 cxd4 9. cxd4 e6 10. h5 Qb6 11. Qd2 Rc8 12. Nc3 Na5 13. f4 Bb4 14. Rc1 Ne7 15. h6 g6 16. Nf3 O-O 17. O-O Nc4 18. Bxc4 dxc4 19. Qf2 Bxc3 20. bxc3 Nd5 21. Ng5 f5 22. exf6 Rxf6 23. Ne4 Rf7 24. Ng5 Rf6 25. Ne4 Rf7 26. Ng5 1/2-1/2

[Event "Romanian Championship Open 2025"]
[Site "Craiova"]
[Date "2025.02.17"]
[Round "3.13"]
[White "Botea, David-Alexandru"]
[Black "Serban, Cristian-Stefan"]
[Result "1/2-1/2"]
[Annotator "ChessBase"]
[ECO "A14"]
[WhiteElo "2127"]
[BlackElo "2295"]
[PlyCount "64"]
[EventDate "2025.02.12"]
[EventType "swiss"]
[EventCountry "ROU"]
[SourceTitle "playchess.com"]
[Source "ChessBase"]
[SourceQuality "1"]
[TimeControl "40/5400+30:900+30"]

1. c4 Nf6 2. Nf3 e6 3. e3 d5 4. b3 b6 5. g3 Bb7 6. Bg2 dxc4 7. bxc4 c5 8. O-O Be7 9. Bb2 O-O 10. d3 Nc6 11. Qe2 Qc7 12. Nc3 a6 13. Rfd1 Rab8 14. Rab1 Rfd8 15. Ba1 h6 16. Ne1 Na7 17. a4 Bxg2 18. Nxg2 Nc6 19. f4 Rd7 20. g4 Rbd8 21. g5 hxg5 22. fxg5 Nh7 23. g6 fxg6 24. Nf4 Nf8 25. Ne4 Ne5 26. Qb2 Bf6 27. Qxb6 Qxb6 28. Rxb6 Nxc4 29. Bxf6 Nxb6 30. Bxd8 Rxd8 31. Nxc5 e5 32. Ne2 Nfd7 1/2-1/2

[Event "Romanian Championship Open 2025"]
[Site "Craiova"]
[Date "2025.02.17"]
[Round "3.14"]
[White "Dobre, Claudiu-Cristian"]
[Black "Barbu, Simon-Alexandru"]
[Result "1-0"]
[Annotator "ChessBase"]
[ECO "B38"]
[WhiteElo "2279"]
[BlackElo "2023"]
[PlyCount "113"]
[EventDate "2025.02.12"]
[EventType "swiss"]
[EventCountry "ROU"]
[SourceTitle "playchess.com"]
[Source "ChessBase"]
[SourceQuality "1"]
[TimeControl "40/5400+30:900+30"]

1. c4 Nf6 2. Nc3 c5 3. Nf3 Nc6 4. d4 cxd4 5. Nxd4 g6 6. e4 d6 7. h3 Bg7 8. Be3 O-O 9. Be2 Bd7 10. O-O Nxd4 11. Bxd4 Bc6 12. Qc2 a5 13. Rad1 Nd7 14. Bxg7 Kxg7 15. Bg4 Ne5 16. c5 Nxg4 17. hxg4 Qc8 18. cxd6 Qxg4 19. dxe7 Rfe8 20. Nd5 Bxd5 21. Qc3+ Kg8 22. exd5 Rxe7 23. d6 Rd7 24. Rfe1 Qg5 25. Re5 Qd8 26. Qd4 Qf8 27. Rb5 Ra6 28. Rb6 Rxb6 29. Qxb6 Qd8 30. Qd4 Qf8 31. Qf6 Qd8 32. Qd4 Qf8 33. a4 h5 34. Qe5 Kh7 35. b3 Qd8 36. Qd4 Qh8 37. Qd5 Qd8 38. Rd3 Qf6 39. g3 Kg7 40. Kg2 Kh7 41. Rf3 Qe6 42. Qxe6 fxe6 43. Rd3 Kg7 44. Kf3 Kf6 45. Ke4 e5 46. Kd5 e4 47. Rd4 Kf5 48. f3 exf3 49. Rf4+ Kg5 50. Ke6 Rh7 51. d7 Rh8 52. Ke7 Rh7+ 53. Kd6 Rh8 54. Kc7 h4 55. Rxh4 f2 56. Rf4 Rh7 57. Kc8 1-0